EL
TENNESSEE SMOKIES @ SAN JOSE GIANTS
09/13/2046
 
TOP OF THE 1ST
Tennessee Smokies batting - Pitching for San Jose Giants : RHP Dave Crouch
Pitching: RHP Dave Crouch
Batting: RHB Khalil Stephens 0-0: Foul Ball, location: 2F
0-1: Ball
1-1: Fly out, F9 (Flyball, 9, EV 90.0 MPH)
Batting: RHB Ryan Walker 0-0: SINGLE (Groundball, 6MD, EV 101.9 MPH)
Batting: RHB Heef Harted 0-0: Ball
1-0: Swinging Strike
1-1: Swinging Strike
1-2: Ball
2-2: Strikes out looking
Batting: RHB Bobby Gray 0-0: Ball
1-0: Called Strike
1-1: Fielders Choice at 2nd, 6-4 (Groundball, 56, EV 92.5 MPH)
Top of the 1st over - 0 runs, 1 hit, 0 errors, 1 left on base; Tennessee 0 - San Jose 0
BOTTOM OF THE 1ST
San Jose Giants batting - Pitching for Tennessee Smokies : RHP Mark Duffy
Pitching: RHP Mark Duffy
Batting: LHB J.P. Olson 0-0: Ball
1-0: Ground out U3 (Groundball, 34, EV 80.6 MPH)
Batting: RHB Miguel Gonzalez 0-0: Ball
1-0: Called Strike
1-1: Fly out, F3 (Popup, 3S, EV 71.2 MPH)
Batting: RHB Mike Buchanan 0-0: Ball
1-0: Swinging Strike
1-1: Ball
2-1: Foul Ball, location: 2F
2-2: Ball
3-2: Ground out 4-3 (Groundball, 4M, EV 90.0 MPH)
Bottom of the 1st over - 0 runs, 0 hits, 0 errors, 0 left on base; Tennessee 0 - San Jose 0
TOP OF THE 2ND
Tennessee Smokies batting - Pitching for San Jose Giants : RHP Dave Crouch
Batting: RHB Heitaro Tanaka 0-0: Ball
1-0: Called Strike
1-1: Ball
2-1: Foul Ball, location: 2F
2-2: Fly out, F7 (Flyball, 7, EV 97.5 MPH)
Batting: RHB Leonardo Nava 0-0: Called Strike
0-1: Foul Ball, location: 2F
0-2: Ball
1-2: Strikes out swinging
Batting: LHB Mark Ingram 0-0: Called Strike
0-1: Called Strike
0-2: Ball
1-2: Ball
2-2: Foul Ball, location: 2F
2-2: Strikes out looking
Top of the 2nd over - 0 runs, 0 hits, 0 errors, 0 left on base; Tennessee 0 - San Jose 0
BOTTOM OF THE 2ND
San Jose Giants batting - Pitching for Tennessee Smokies : RHP Mark Duffy
Batting: LHB Jared Paige 0-0: Foul Ball, location: 2F
0-1: Ball
1-1: Swinging Strike
1-2: Strikes out swinging
Batting: RHB Yutaka Oki 0-0: Called Strike
0-1: Foul Ball, location: 2F
0-2: Reached on error, E8 (Flyball, 78S, EV 83.8 MPH)
Batting: RHB Nick Wicker 0-0: Ball
Yutaka Oki steals 2nd, throwing error, E2
Yutaka Oki to third
1-0: Ball
2-0: Called Strike
2-1: Fly out, F7 (Flyball, 7LM, EV 94.4 MPH)
Runner from 3rd tags up, SCORES, throw by LF
Batting: RHB Matt Fenimore 0-0: Ball
1-0: Called Strike
1-1: Ball
2-1: SINGLE (Line Drive, 78S, EV 106.9 MPH)
Batting: RHB Dave Crouch 0-0: Ball
1-0: Fly out, F8 (Line Drive, 78D, EV 91.9 MPH)
Bottom of the 2nd over - 1 run, 1 hit, 2 errors, 1 left on base; Tennessee 0 - San Jose 1
TOP OF THE 3RD
Tennessee Smokies batting - Pitching for San Jose Giants : RHP Dave Crouch
Batting: RHB Armando Vilano 0-0: Ball
1-0: Called Strike
1-1: Called Strike
1-2: Foul Ball, location: 2F
1-2: Foul Ball, location: 2F
1-2: Ball
2-2: Fly out, F8 (Line Drive, 8LM, EV 106.2 MPH)
Batting: RHB Dylan Burke 0-0: Called Strike
0-1: SINGLE (Groundball, 34S, EV 100.0 MPH)
Batting: RHB Khalil Stephens 0-0: Swinging Strike
0-1: Called Strike
0-2: Foul Ball, location: 2F
0-2: Strikes out swinging
Batting: RHB Ryan Walker 0-0: Swinging Strike
0-1: Ball
1-1: Ball
2-1: Foul Ball, location: 2F
2-2: Fly out, F3 (Popup, 3L, EV 76.9 MPH)
Top of the 3rd over - 0 runs, 1 hit, 0 errors, 1 left on base; Tennessee 0 - San Jose 1
BOTTOM OF THE 3RD
San Jose Giants batting - Pitching for Tennessee Smokies : RHP Mark Duffy
Batting: RHB Mike Jones 0-0: SINGLE (Groundball, 6MD, EV 94.4 MPH)
Batting: LHB J.P. Olson 0-0: Foul Ball, location: 2F
0-1: Called Strike
0-2: Ball
1-2: Ball
2-2: Foul Ball, location: 2F
2-2: Foul Ball, location: 2F
2-2: Strikes out swinging
Batting: RHB Miguel Gonzalez 0-0: Ball
1-0: Fielders Choice at 2nd, 5-4 (Groundball, 15, EV 81.2 MPH)
Batting: RHB Mike Buchanan 0-0: Called Strike
Miguel Gonzalez steals 2nd base (no throw)
0-1: Ball
1-1: Hit by Pitch
Batting: LHB Jared Paige 0-0: Ball
Mike Buchanan steals 2nd base
Miguel Gonzalez steals 3rd base
1-0: Ball
2-0: Foul Ball, location: 2F
2-1: Swinging Strike
2-2: Fly out, F9 (Flyball, 9D, EV 96.9 MPH)
Bottom of the 3rd over - 0 runs, 1 hit, 0 errors, 2 left on base; Tennessee 0 - San Jose 1
TOP OF THE 4TH
Tennessee Smokies batting - Pitching for San Jose Giants : RHP Dave Crouch
Batting: RHB Heef Harted 0-0: Ground out 6-3 (Groundball, 6S, EV 86.9 MPH)
Batting: RHB Bobby Gray 0-0: Ball
1-0: Ground out 6-3 (Groundball, 6, EV 87.5 MPH)
Batting: RHB Heitaro Tanaka 0-0: Fly out, F8 (Flyball, 78S, EV 96.2 MPH)
Top of the 4th over - 0 runs, 0 hits, 0 errors, 0 left on base; Tennessee 0 - San Jose 1
BOTTOM OF THE 4TH
San Jose Giants batting - Pitching for Tennessee Smokies : RHP Mark Duffy
Batting: RHB Yutaka Oki 0-0: Ball
1-0: Ball
2-0: Foul Ball, location: 2F
2-1: SINGLE (Groundball, 6MD, EV 104.4 MPH)
Batting: RHB Nick Wicker 0-0: SINGLE (Line Drive, 56D, EV 95.6 MPH)
Yutaka Oki to second
Batting: RHB Matt Fenimore 0-0: Ball
1-0: Ball
2-0: Ball
3-0: Called Strike
3-1: Called Strike
3-2: Base on Balls
Yutaka Oki to third
Nick Wicker to second
Batting: RHB Dave Crouch 0-0: Called Strike
0-1: SINGLE (Flyball, 8LS, EV 92.5 MPH)
Yutaka Oki scores
Nick Wicker to third
Matt Fenimore to second
Batting: RHB Mike Jones 0-0: Ball
1-0: Ball
2-0: Single, Error in OF, E8, batter to second base (Groundball, 4MD, EV 93.8 MPH)
Nick Wicker scores
Matt Fenimore scores
Dave Crouch to third
Batting: LHB J.P. Olson 0-0: Called Strike
0-1: Fly out, F8 (Line Drive, 8LM, EV 93.8 MPH)
Batting: RHB Miguel Gonzalez 0-0: Foul Ball, location: 2F
0-1: Ball
1-1: Ball
2-1: SINGLE (Line Drive, 9S, EV 101.2 MPH)
Dave Crouch scores
Mike Jones to third
Batting: RHB Mike Buchanan 0-0: Ball
Miguel Gonzalez steals 2nd, throwing error, E2
Mike Jones scores
Miguel Gonzalez to third
1-0: Called Strike
1-1: Called Strike
1-2: Ball
2-2: Ground out 6-3 (Groundball, 6, EV 83.1 MPH)
Miguel Gonzalez scores
Pitching: RHP Jean-Paul Lefebvre
Batting: LHB Jared Paige 0-0: Called Strike
0-1: Called Strike
0-2: Ball
1-2: Ground out 4-3 (Groundball, 4, EV 87.5 MPH)
Bottom of the 4th over - 6 runs, 5 hits, 2 errors, 0 left on base; Tennessee 0 - San Jose 7
TOP OF THE 5TH
Tennessee Smokies batting - Pitching for San Jose Giants : RHP Dave Crouch
Batting: RHB Leonardo Nava 0-0: Ball
1-0: Ground out 4-3 (Groundball, 34, EV 103.8 MPH)
Batting: LHB Mark Ingram 0-0: Foul Ball, location: 2F
0-1: Ball
1-1: Foul Ball, location: 2F
1-2: Foul Ball, location: 2F
1-2: Strikes out swinging
Batting: RHB Armando Vilano 0-0: Ball
1-0: Foul Ball, location: 2F
1-1: Ground out 1-3 (Groundball, 13S, EV 61.2 MPH)
Top of the 5th over - 0 runs, 0 hits, 0 errors, 0 left on base; Tennessee 0 - San Jose 7
BOTTOM OF THE 5TH
San Jose Giants batting - Pitching for Tennessee Smokies : RHP Jean-Paul Lefebvre
Batting: RHB Yutaka Oki 0-0: DOUBLE (Groundball, 5L, EV 105.6 MPH)
Batting: RHB Nick Wicker 0-0: Called Strike
0-1: Foul Ball, location: 2F
0-2: SINGLE (Groundball, 6D, EV 106.9 MPH)
Yutaka Oki to third
Runner from 3rd tries for Home, throw by CF and OUT! 8-2
Batting: RHB Matt Fenimore 0-0: Ball
1-0: Ball
Nick Wicker steals 2nd base
2-0: Foul Ball, location: 2F
2-1: Foul Ball, location: 2F
2-2: Strikes out swinging
Batting: RHB Dave Crouch 0-0: Ball
1-0: Ball
2-0: Called Strike
2-1: Foul Ball, location: 2F
2-2: Ball
3-2: Foul Ball, location: 2F
3-2: SINGLE (Groundball, 34D, EV 96.9 MPH)
Nick Wicker to third
Batting: RHB Mike Jones 0-0: Foul Ball, location: 2F
0-1: Swinging Strike
0-2: Strikes out swinging
Bottom of the 5th over - 0 runs, 3 hits, 0 errors, 2 left on base; Tennessee 0 - San Jose 7
TOP OF THE 6TH
Tennessee Smokies batting - Pitching for San Jose Giants : RHP Dave Crouch
Batting: RHB Dylan Burke 0-0: Ground out 6-3 (Groundball, 6, EV 91.2 MPH)
Batting: RHB Khalil Stephens 0-0: Foul Ball, location: 2F
0-1: Foul Ball, location: 2F
0-2: Ball
1-2: Foul Ball, location: 2F
1-2: Strikes out swinging
Batting: RHB Ryan Walker 0-0: Foul Ball, location: 2F
0-1: Foul Ball, location: 2F
0-2: Foul Ball, location: 2F
0-2: Ball
1-2: Foul Ball, location: 2F
1-2: Ball
2-2: DOUBLE (Line Drive, 89XD, EV 103.8 MPH)
Batting: RHB Heef Harted 0-0: Foul Ball, location: 2F
0-1: Ball
1-1: Ball
2-1: Foul Ball, location: 2F
2-2: Strikes out swinging
Top of the 6th over - 0 runs, 1 hit, 0 errors, 1 left on base; Tennessee 0 - San Jose 7
BOTTOM OF THE 6TH
San Jose Giants batting - Pitching for Tennessee Smokies : RHP Jean-Paul Lefebvre
Batting: LHB J.P. Olson 0-0: Called Strike
0-1: Swinging Strike
0-2: Ball
1-2: Ball
2-2: Strikes out looking
Batting: RHB Miguel Gonzalez 0-0: Ball
1-0: SINGLE (Line Drive, 89S, EV 95.0 MPH)
Batting: RHB Mike Buchanan 0-0: Called Strike
Miguel Gonzalez steals 2nd base
0-1: Called Strike
Miguel Gonzalez steals 3rd base
0-2: Strikes out swinging
Batting: LHB Jared Paige 0-0: Ball
1-0: Swinging Strike
1-1: Swinging Strike
1-2: Fly out, F8 (Flyball, 8RM, EV 85.0 MPH)
Bottom of the 6th over - 0 runs, 1 hit, 0 errors, 1 left on base; Tennessee 0 - San Jose 7
TOP OF THE 7TH
Tennessee Smokies batting - Pitching for San Jose Giants : RHP Dave Crouch
Batting: RHB Bobby Gray 0-0: Ball
1-0: Fly out, F7 (Line Drive, 7LM, EV 88.8 MPH)
Batting: RHB Heitaro Tanaka 0-0: Ball
1-0: Called Strike
1-1: Called Strike
1-2: Ball
2-2: Ground out 6-3 (Groundball, 6, EV 110.0 MPH)
Batting: RHB Leonardo Nava 0-0: Called Strike
0-1: Called Strike
0-2: Ball
1-2: Strikes out swinging
Top of the 7th over - 0 runs, 0 hits, 0 errors, 0 left on base; Tennessee 0 - San Jose 7
BOTTOM OF THE 7TH
San Jose Giants batting - Pitching for Tennessee Smokies : RHP Jean-Paul Lefebvre
Batting: RHB Yutaka Oki 0-0: Ball
1-0: Fly out, F7 (Flyball, 7D, EV 98.1 MPH)
Batting: RHB Nick Wicker 0-0: Ball
1-0: Foul Ball, location: 2F
1-1: Ball
2-1: Ball
3-1: Base on Balls
Pitching: RHP Bob Gilliam
Batting: RHB Matt Fenimore 0-0: Called Strike
Nick Wicker steals 2nd base
0-1: Foul Ball, location: 2F
0-2: Ground out 6-3 (Groundball, 6, EV 107.5 MPH)
Batting: RHB Dave Crouch 0-0: Ground out 4-3 (Groundball, 4, EV 109.4 MPH)
Bottom of the 7th over - 0 runs, 0 hits, 0 errors, 1 left on base; Tennessee 0 - San Jose 7
TOP OF THE 8TH
Tennessee Smokies batting - Pitching for San Jose Giants : RHP Dave Crouch
Batting: LHB Mark Ingram 0-0: Ball
1-0: Called Strike
1-1: Foul Ball, location: 2F
1-2: Ball
2-2: Strikes out swinging
Pitching: LHP Matt Wass
Batting: RHB Armando Vilano 0-0: Ball
1-0: Ball
2-0: Called Strike
2-1: Called Strike
2-2: Foul Ball, location: 2F
2-2: Ground out 6-3 (Groundball, 6, EV 79.4 MPH)
Batting: RHB Dylan Burke 0-0: Called Strike
0-1: Ball
1-1: SINGLE (Line Drive, 34D, EV 99.4 MPH)
Batting: RHB Khalil Stephens 0-0: Ball
1-0: Ball
2-0: Ball
3-0: Called Strike
3-1: Foul Ball, location: 2F
3-2: Base on Balls
Dylan Burke to second
Batting: RHB Ryan Walker 0-0: Called Strike
0-1: Ball
1-1: Ball
2-1: Foul Ball, location: 2F
2-2: Fly out, F4 (Popup, 34D, EV 71.9 MPH)
Top of the 8th over - 0 runs, 1 hit, 0 errors, 2 left on base; Tennessee 0 - San Jose 7
BOTTOM OF THE 8TH
San Jose Giants batting - Pitching for Tennessee Smokies : RHP Bob Gilliam
Batting: RHB Mike Jones 0-0: Foul Ball, location: 2F
0-1: SINGLE (Groundball, 4MD, EV 101.2 MPH)
Batting: LHB J.P. Olson 0-0: Ball
1-0: Ball
2-0: Called Strike
2-1: Ball
3-1: Called Strike
3-2: Grounds into double play, 4-6-3 (Groundball, 4S, EV 90.6 MPH)
Batting: RHB Miguel Gonzalez 0-0: Swinging Strike
0-1: Swinging Strike
0-2: Ball
1-2: Ball
2-2: Strikes out swinging
Bottom of the 8th over - 0 runs, 1 hit, 0 errors, 0 left on base; Tennessee 0 - San Jose 7
TOP OF THE 9TH
Tennessee Smokies batting - Pitching for San Jose Giants : LHP Matt Wass
Batting: RHB Heef Harted 0-0: Ball
1-0: Called Strike
1-1: Ball
2-1: Ball
3-1: Fly out, F9 (Line Drive, 9LM, EV 92.5 MPH)
Batting: RHB Bobby Gray 0-0: Ball
1-0: Foul Ball, location: 2F
1-1: Foul Ball, location: 2F
1-2: Strikes out looking
Batting: RHB Heitaro Tanaka 0-0: Ball
1-0: Ground out 6-3 (Groundball, 6, EV 79.4 MPH)
Top of the 9th over - 0 runs, 0 hits, 0 errors, 0 left on base; Tennessee 0 - San Jose 7
Tuesday, September 13th , 2022 - OOTP Baseball 23.7 Build 88